 Dungeon Crawl Stone Soup version 0.24.0-13-gcf9b319 (webtiles) character file.

Game seed: 1585029054970272148, levelgen mode: deterministic

77 Balder the Chopper (level 4, -7/40 HPs)
             Began as a Hill Orc Monk on May 8, 2020.
             Mangled by an orc warrior
             ... wielding a +0 mace
              (14 damage)
             ... on level 2 of the Dungeon.
             The game lasted 00:05:39 (2154 turns).

Balder the Chopper (Hill Orc Monk)                  Turns: 2154, Time: 00:05:40

Health: -7/40      AC:  3    Str: 14    XL:     4   Next: 33%
Magic:  4/4        EV: 12    Int: 10    God:
Gold:   255        SH:  0    Dex: 13    Spells: 3/3 levels left

rFire    . . .     SeeInvis .   a - +0 hand axe
rCold    . . .     Gourm    .   (no shield)
rNeg     . . .     Faith    .   i - +0 leather armour
rPois    .         Spirit   .   (no helmet)
rElec    .         Reflect  .   (no cloak)
rCorr    .         Harm     .   (no gloves)
MR       .....                  (no boots)
Stlth    ++........             (no amulet)
HPRegen  0.13/turn              (no ring)
MPRegen  0.09/turn              (no ring)

@: no status effects
A: no striking features
a: no special abilities


You were on level 2 of the Dungeon.
You were not hungry.

You visited 1 branch of the dungeon, and saw 2 of its levels.

You collected 255 gold pieces.

Inventory:

Hand Weapons
 a - a +0 hand axe (weapon)
 f - a +2 short sword of flaming
Armour
 i - a +0 leather armour (worn)
Jewellery
 b - a cursed -2 ring of strength {unknown}
Scrolls
 k - a scroll of teleportation {unknown}
 m - a scroll of fear {unknown}
Potions
 e - a potion of flight {unknown}
 h - a potion of invisibility {unknown}
 j - a potion of cancellation {unknown}
 l - a potion of heal wounds {unknown}
Comestibles
 c - 5 rations
 d - 8 chunks of flesh


   Skills:
 * Level 4.1 Fighting
 * Level 5.0 Axes
 * Level 0.8 Throwing
 * Level 1.7 Armour
 + Level 2.6 Dodging
 + Level 1.8 Stealth


You had 3 spell levels left.
You didn't know any spells.
Your spell library was empty.

Dungeon Overview and Level Annotations

Branches:
Dungeon (2/15)

Altars:
Sif Muna


Message History

You closely miss the orc warrior.
The orc warrior is moderately wounded.
The orc warrior closely misses you.
You hit the orc warrior but do no damage.
The orc warrior is lightly wounded.
You closely miss the orc warrior.
The orc warrior is lightly wounded.
The orc warrior barely misses you.
You hit the orc warrior but do no damage.
The orc warrior is lightly wounded.
The orc warrior hits you with a +0 mace!!
Ouch! That really hurt!
* * * LOW HITPOINT WARNING * * *
You hit the orc warrior but do no damage.
The orc warrior is lightly wounded.
The orc warrior barely misses you.
You closely miss the orc warrior.
The orc warrior is lightly wounded.
The orc warrior hits you with a +0 mace!
You die...

# #.......# #.......(.#. #
###....# #.).#####.# # #....#
#.#.#...#.# #....#
#.#.#.#.#.# ## #....#
#.#.#.#.#.# .# #....#
###.#.#.#...# ... ..####....#
#.....#.#####. ##.
.........o######.....#.......
o......##ooo@........#.#####.
..(.... ########.....#.#...#
####### #.....#.#.#.# ##
#.....#.#.#.# .#
#.....#...#.# .#
#.....#####.# .##.#
#.....).....# ....#
#.....#####.# ##### ####..#
#.#


You could see an orc warrior and 3 orcs.

Vanquished Creatures
  3 adders (D:2)
  A worm (D:2)
  A leopard gecko (D:2)
  An orc (D:2)
  2 ball pythons
  5 bats
  2 giant cockroaches (D:2)
  5 goblins
  4 hobgoblins
  7 jackals
  2 frilled lizards
  2 kobolds (D:1)
  7 rats
42 creatures vanquished.

Notes
Turn   | Place    | Note
-------+----------+-------------------------------------------
     0 | D:1      | Balder the Hill Orc Monk began the quest for the Orb.
     0 | D:1      | Reached XP level 1. HP: 19/19 MP: 1/1
   312 | D:1      | Reached XP level 2. HP: 21/27 MP: 2/2
  1115 | D:2      | Reached XP level 3. HP: 21/33 MP: 3/3
  1465 | D:2      | Found a shimmering blue altar of Sif Muna.
  1499 | D:2      | Reached skill level 1 in Armour
  1642 | D:2      | Reached skill level 5 in Axes
  1642 | D:2      | Reached XP level 4. HP: 18/40 MP: 4/4
  2135 | D:2      | Noticed an orc warrior
  2154 | D:2      | Mangled by an orc warrior

Levels and vault maps discovered:
D:1:      wander_arrival_estate, layout_basic
D:2:      layout_rooms, nicolae_overflow_crystal_walls, first_ration,
          roderic_lattice_a

Skill      XL: |  1  2  3 |
---------------+----------+-----
Fighting       | 4 |  4.1
Armour         | 1 |  1.7
Axes           | 5 |  5.0
Throwing       | |  0.8
Dodging        | |  2.6
Stealth        | |  1.8

Action                   |  1- 3 |  4- 6 || total
-------------------------+-------+-------++-------
Melee: Hand axe          |   118 |    39 ||   157
  Use: Scroll            |     2 |       ||     2
       Potion            |     1 |       ||     1
 Stab: Sleeping          |     4 |     1 ||     5
  Eat: Ration            |     1 |       ||     1
       Chunk             |       |     1 ||     1
Armor: Robe              |     2 |       ||     2
       Leather armour    |    25 |    11 ||    36
Dodge: Dodged            |    82 |    18 ||   100
